AoeStats
← lightningstrikes

MegaRandom

504763352Analyzed
1v1 RM · 27d ago on Sep 6, 2026· 29m 17s· 2 players
Game mode
Random Map
Map size
Tiny (2 player)
Population
200
Speed
Normal
Resources
Standard
Victory
Conquest
Starting age
Dark Age
Ending age
Imperial Age
RankedLock teamsTeams togetherTeam positionsShared explorationLock speedFull tech treeHidden civsTurbo modeCheats
Victory
Defeat
🇨🇳 Jurchens · China
586
+13
🇬🇧 Mongols · United Kingdom
509
-13
Ivor_BigGun
11:23 Feudal Age
11:55 Double-Bit Axe
14:34 Bloodlines
15:21 Horse Collar
25:03 Castle Age
24:17 Stone Mining
24:18 Gold Mining
24:42 Forging
24:23 Fletching
24:42 Scale Barding Armor
24:38 Padded Archer Armor
26:09 Heavy Plow
26:23 Bow Saw
lightningstrikes
12:30 Feudal Age
10:46 Loom
14:01 Double-Bit Axe
14:56 Wheelbarrow
16:49 Man-at-Arms
17:54 Scale Mail Armor
18:04 Forging
17:55 Horse Collar
26:11 Castle Age
28:10 Fletching
28:20 Padded Archer Armor
Connection lost

Rejoining the realm…

Still unreachable

The connection could not be restored.

Session expired

The server has moved on; the page needs a fresh start.